 Dungeon Crawl Stone Soup version 0.28-a0-10-g964c8b829e (webtiles) character file.

Game seed: 9872035278433165786

42 Sin92 the Skirmisher (level 3, 0/29 HPs)
             Began as a Demonspawn Fighter on July 25, 2021.
             Slain by an adder (4 damage)
             ... on level 2 of the Dungeon.
             The game lasted 00:00:57 (909 turns).

Sin92 the Skirmisher (Demonspawn Fighter)            Turns: 909, Time: 00:00:57

Health: 0/29       AC:  6    Str: 17    XL:     3   Next: 33%
Magic:  3/3        EV:  7    Int:  9    God:
Gold:   60         SH:  9    Dex: 12    Spells: 2/2 levels left

rFire   . . .      SeeInvis .   a - +0 war axe
rCold   . . .      Faith    .   c - +0 kite shield
rNeg    . . .      Spirit   .   b - +0 scale mail
rPois   .          Reflect  .   (no helmet)
rElec   .          Harm     .   (no cloak)
rCorr   .          Rampage  .   (no gloves)
Will    .....                   (no boots)
Stlth   ..........              (no amulet)
HPRegen 0.09/turn               (no ring)
MPRegen 0.08/turn               (no ring)

@: no status effects
A: powered by pain 1
a: no special abilities


You were on level 2 of the Dungeon.
You visited 1 branch of the dungeon, and saw 2 of its levels.

You collected 60 gold pieces.

Inventory:

Hand Weapons
 a - a +0 war axe (weapon)
Missiles
 i - a throwing net (quivered)
Armour
 b - a +0 scale mail (worn)
 c - a +0 kite shield (worn)
Scrolls
 e - a scroll of noise
 g - a scroll of identify
Potions
 d - a potion of might
 f - a potion of attraction {unknown}


   Skills:
 + Level 3.3 Fighting
 * Level 2.4 Axes
 + Level 3.0 Armour
 + Level 0.8 Dodging
 + Level 2.9 Shields


You had 2 spell levels left.
You didn't know any spells.
Your spell library was empty.

Dungeon Overview and Level Annotations

Branches:
Dungeon (2/15)

Altars:


Innate Abilities, Weirdness & Mutations

You sometimes gain a little power by taking damage.


Message History

You are too injured to fight recklessly!
There are monsters nearby!
Unknown command.
You closely miss the adder.
The adder is severely wounded.
You feel sick.
You are no longer poisoned.
The adder closely misses you.
A frilled lizard comes into view. x2
The adder bites you.
You are poisoned.
The adder poisons you!
You feel sick.
The frilled lizard hisses angrily.
You hear an angry hiss.
You feel sick.
You feel sick.
You feel sick. The adder bites you.
* * * LOW HITPOINT WARNING * * *
You feel sick.
You feel sick.
You feel sick.
You are no longer poisoned.
Unknown command.
The adder bites you but does no damage.
You miss the adder.
The adder is severely wounded.
You block the adder's attack. The adder bites you but does no damage.
You closely miss the adder.
The adder is severely wounded.
The adder bites you but does no damage. You block the adder's attack.
You miss the adder.
The adder is severely wounded.
You block the adder's attack. The adder closely misses you.
You barely miss the adder.
The adder is heavily wounded.
The adder bites you but does no damage. You block the adder's attack.
You miss the adder.
The adder is heavily wounded.
You block the adder's attack. The adder bites you.
You die...

#........#####
####........#
########......†....#######
#
.............>............
..
########......#..†.#######
.# #......#....###### ..#
######.####......###...#
#.####l...........#.
#...@Sgl............
##########...†.####.
#.....# #.....# #######


You could see an adder, a hobgoblin and 2 frilled lizards.

Vanquished Creatures
  An adder (D:2)
  3 ball pythons (D:1)
  3 endoplasms (D:1)
  A giant cockroach (D:2)
  2 goblins (D:1)
  3 hobgoblins
  6 jackals (D:1)
  2 kobolds (D:1)
  A quokka (D:1)
  2 bats (D:1)
  4 frilled lizards
  A rat (D:1)
29 creatures vanquished.

Notes
Turn   | Place    | Note
-------+----------+-------------------------------------------
     0 | D:1      | Sin92 the Demonspawn Fighter began the quest for the Orb.
     0 | D:1      | Reached XP level 1. HP: 18/18 MP: 1/1
    51 | D:1      | Gained mutation: You sometimes gain a little power by
                  | taking damage. [demonic ancestry]
    51 | D:1      | Reached XP level 2. HP: 21/24 MP: 2/2
   759 | D:1      | Reached XP level 3. HP: 29/29 MP: 3/3
   909 | D:2      | Slain by an adder

Illustrated notes

Levels and vault maps discovered:
D:1:      minmay_arrival_four_houses, layout_basic
D:2:      layout_basic

Skill      XL: |  1  2  3 |
---------------+----------+-----
Axes           | 2 |  2.4
Armour         | 3 |  3.0
Fighting       | |  3.3
Dodging        | |  0.8
Shields        | |  2.9

Action                   || total
-------------------------++-------
Melee: War axe           ||    70
  Use: Scroll            ||     2
Armor: Scale mail        ||    42
Dodge: Dodged            ||    26
Block: Kite shield       ||    38

Table legend: (Time is in decaauts)
 A = Elapsed time spent in this place.
 B = Non-inter-level travel time spent in this place.
 C = Inter-level travel time spent in this place.
 D = Time resting spent in this place.
 E = Time spent auto-exploring this place.
 F = Levels seen in this place.
 G = Mean time per level.
                   A        B        C        D        E       F      G
               +--------+--------+--------+--------+--------+-----+--------+
         Total |    953 |    920 |     33 |      0 |    725 |   2 |  476.5 |
       Dungeon |    953 |    920 |     33 |      0 |    725 |   2 |  476.5 |
               +--------+--------+--------+--------+--------+-----+--------+

Top non-repeatable levels by time:
     D:1: 830 daAuts
     D:2: 122 daAuts
